 Dungeon Crawl Stone Soup version 0.31.0-9-g3a7656b989 (webtiles) character file.

Game seed: 14828355284208222980

259 qw the Ducker (level 5, 0/26 HPs)
             Began as a Spriggan Hunter on Feb 2, 2024.
             Incinerated by a bombardier beetle (2 damage)
             ... with a burning spray
             ... on level 3 of the Dungeon.
             The game lasted 00:00:07 (1843 turns).

qw the Ducker (Spriggan Hunter)                     Turns: 1843, Time: 00:00:07

Health: 0/26       AC:  2    Str:  7    XL:     5   Next: 95%
Magic:  6/6        EV: 22    Int: 11    God:
Gold:   41         SH:  0    Dex: 20    Spells: 4/4 levels left

rFire   . . .        a - +1 shortbow
rCold   . . .        (shield currently unavailable)
rNeg    . . .        c - +0 robe
rPois   .            (helmet restricted)
rElec   .            (no cloak)
rCorr   .            (gloves unavailable)
SInv    +            (boots unavailable)
Will    .....        g - amulet of faith
Stlth   +            (no ring)
HPRegen 0.24/turn    (no ring)
MPRegen 0.10/turn

%: faith
@: on fire, hasted, glowing, very quick
A: very small, no large weapons, unfitting armour, see invisible, speed 3
a: no special abilities


You were on level 3 of the Dungeon.
You visited 1 branch of the dungeon, and saw 3 of its levels.

You collected 106 gold pieces.
You spent 65 gold pieces at shops.


Innate Abilities, Weirdness & Mutations

You are very small and have problems with some larger weapons.
You are too small for most types of armour.
You have supernaturally acute eyesight. (SInv)
You cover ground extremely quickly. (Speed+++)


   Skills:
 - Level 2.1 Fighting
 + Level 5.0 Ranged Weapons
 - Level 7.0 Dodging
 - Level 1.5 Stealth


You had 4 spell levels left.
You didn't know any spells.
Your spell library was empty.

Inventory:

Hand Weapons
 a - a +1 shortbow (weapon)
Armour
 c - a +0 robe (worn)
Jewellery
 g - an amulet of faith (around neck)
Potions
 b - a potion of might
 f - a potion of lignification {unknown}
 h - a potion of curing {unknown}
 i - 2 potions of enlightenment

Dungeon Overview and Level Annotations

Branches:
Dungeon (3/15)

Altars:
The Shining One

Shops:
D:2 *


Message History

You shoot an arrow. The arrow closely misses Sigmund.
The liquid fire burns you!
Sigmund points at you and mumbles some strange words.
The magic dart hits you.
1834 ||| DRINKING potion of heal wounds.
You feel much better. The liquid fire burns you!
Sigmund points at you and mumbles some strange words.
You easily resist.
You shoot an arrow. The arrow hits Sigmund!
You kill Sigmund!
The liquid fire burns you!
Your Dodging skill gained 3 levels and is now at level 7!
You have reached level 5!
You feel clever.
You shoot an arrow. The arrow hits the bombardier beetle!
The bombardier beetle is heavily wounded.
The liquid fire burns you!
You shoot an arrow.
The arrow hits the bombardier beetle but does no damage.
The bombardier beetle is heavily wounded.
The liquid fire burns you!
The bombardier beetle sprays incendiary fluid at you.
The burning spray misses you.
You shoot an arrow. The arrow hits the bombardier beetle.
The bombardier beetle is heavily wounded.
The liquid fire burns you!
You shoot an arrow. The arrow hits the bombardier beetle.
The bombardier beetle is severely wounded.
The liquid fire burns you!
You shoot an arrow. The arrow hits the bombardier beetle!
You kill the bombardier beetle!
The liquid fire burns you!
Your Fighting skill increases to level 2!
You are on fire!
The liquid fire burns you!
You are on fire!
The liquid fire burns you!
You are on fire!
The liquid fire burns you!
You die...

#####
##...#############
##.....#.....>.....
#..........<######
#.........%.@.)#
#..........>#.......
##.....#...##%.####.
##...#.#.## ....
###)....###.# .....
#.....##.# ## .#)###
#.###.# #.. .... ..
#.# #.# ...#.
###.###.# ...


There were no monsters in sight!

Vanquished Creatures
  Sigmund (D:3)
  A bombardier beetle (D:3)
  An adder (D:2)
  2 dart slugs
  A ribbon worm (D:2)
  7 bats
  An endoplasm (D:1)
  2 giant cockroaches
  4 hobgoblins
  7 jackals (D:1)
  3 kobolds
  A quokka (D:1)
  6 ball pythons
  3 frilled lizards
  5 goblins
  7 rats
52 creatures vanquished.

Notes
Turn   | Place    | Note
-------+----------+-------------------------------------------
     0 | D:1      | qw the Spriggan Hunter began the quest for the Orb.
     0 | D:1      | Reached XP level 1. HP: 10/10 MP: 2/2
     0 | D:1      | 0 ||| qw: Version: 0.3-a-155-g5e7d8dd
     0 | D:1      | 0 ||| qw: Game counter: 1578
     0 | D:1      | 0 ||| qw: Melee chars always use a shield: true
     0 | D:1      | 0 ||| qw: God list: Okawaru
     0 | D:1      | 0 ||| qw: Allow faded altars: false
     0 | D:1      | 0 ||| qw: Do Orc after clearing Dungeon:15 true
     0 | D:1      | 0 ||| qw: Do second Lair branch before Depths: true
     0 | D:1      | 0 ||| qw: Lair rune preference: random
     0 | D:1      | 0 ||| qw: Goals: Normal
     0 | D:1      | 0 ||| PLANNING D:1-11
    17 | D:1      | Reached skill level 3 in Dodging
   104 | D:1      | Reached XP level 2. HP: 14/14 MP: 3/3
   113 | D:1      | Reached skill level 4 in Dodging
   279 | D:1      | Reached XP level 3. HP: 18/18 MP: 4/4
   437 | D:1      | 437 ||| UPGRADING to amulet of faith.
   442 | D:1      | 442 ||| READING 2 scrolls labelled GOZIBEHYMM.
   442 | D:1      | 442 ||| IDENTIFYING brown potion
   443 | D:1      | 443 ||| READING scroll of identify.
   443 | D:1      | 443 ||| IDENTIFYING scroll labelled SEHIMI JIRO
   444 | D:1      | 444 ||| READING scroll labelled TOUSSI UTIWA.
   477 | D:1      | 477 ||| DROPPING scroll of butterflies.
   478 | D:1      | 478 ||| DROPPING scroll of fear.
   594 | D:2      | Found a faded altar of an unknown god.
   670 | D:2      | Found Xufacio's General Store.
   679 | D:2      | 679 ||| BUYING potion of enlightenment (65 gold).
   679 | D:2      | Bought a potion of enlightenment for 65 gold pieces
   679 | D:2      | 679 ||| SHOPLISTING potion of mutation (104 gold, have 12).
   679 | D:2      | 679 ||| SHOPLISTING scroll of enchant armour (97 gold, have
                  | 12).
   689 | D:2      | Found a glowing golden altar of the Shining One.
  1640 | D:2      | 1640 ||| READING scroll of identify.
  1640 | D:2      | 1640 ||| IDENTIFYING fuming orange potion
  1641 | D:2      | 1641 ||| READING 2 scrolls labelled CIECWE YLAOMO VOSM.
  1642 | D:2      | 1642 ||| READING scroll labelled UTOMID REKABB.
  1743 | D:2      | 1743 ||| READING scroll labelled CAGRAN LAPO.
  1743 | D:2      | 1743 ||| ENCHANTING +0 shortbow.
  1744 | D:2      | 1744 ||| READING 2 scrolls labelled NUUTAE ZIOSTRO.
  1745 | D:2      | 1745 ||| DRINKING 2 silvery potions.
  1746 | D:2      | 1746 ||| DROPPING scroll of noise.
  1747 | D:2      | 1747 ||| DROPPING scroll of amnesia.
  1802 | D:3      | 1802 ||| PLANNING SEWER
  1820 | D:3      | Noticed Sigmund
  1823 | D:3      | Reached XP level 4. HP: 22/22 MP: 5/5
  1829 | D:3      | 1829 ||| DRINKING potion of haste.
  1833 | D:3      | HP: 5/22 [burnt (4)]
  1833 | D:3      | HP: 1/22 [Sigmund/magic dart (5)]
  1834 | D:3      | 1834 ||| DRINKING potion of heal wounds.
  1835 | D:3      | Killed Sigmund
  1836 | D:3      | Reached skill level 7 in Dodging
  1836 | D:3      | Reached XP level 5. HP: 19/25 MP: 6/6
  1841 | D:3      | HP: 5/26 [burnt (3)]
  1842 | D:3      | HP: 2/26 [burnt (4)]
  1843 | D:3      | Incinerated by a bombardier beetle

Levels and vault maps discovered:
D:1:      dpeg_arrival_subterranean_lakeside_camping, layout_rooms
D:2:      layout_basic, dreamdust_ecumenical_altar_hidden_monk_grotto,
          basic_altar, serial_shops, shop
D:3:      layout_loops_ring, kennysheep_ying_yang, amcnicky_altar_gilded,
          nicolae_uskayaw_suspiria, portal_sewer_entry_e, uniq_sigmund,
          uniq_ijyb

Skill      XL: |  1  2  3  4  5 |
---------------+----------------+-----
Dodging        | 3 4 7 |  7.0
Ranged Weapons | 5 |  5.0
Fighting       | 2 |  2.1
Stealth        | |  1.5

Action                     |  1- 3 |  4- 6 || total
---------------------------+-------+-------++-------
   Fire: Shortbow          |   138 |    16 ||   154
    Use: Scroll            |     8 |       ||     8
         Potion            |     1 |     2 ||     3
 Armour: Robe              |    14 |     2 ||    16
  Dodge: Dodged            |    30 |     3 ||    33

Table legend:
 A = Non-vault XP
 B = Vault XP
 C = Vault XP percentage of total XP
 D = Non-vault monster count
 E = Vault monster count
 F = Vault count percentage of total count
                 A         B        C        D         E       F
            +---------+---------+-------+---------+---------+-------
      Total |     136 |     235 |  63.3 |      45 |       7 |  13.5
            +---------+---------+-------+---------+---------+-------
        D:1 |      49 |       9 |  15.5 |      27 |       6 |  18.2
        D:2 |      31 |       0 |   0.0 |      13 |       0 |   0.0
        D:3 |      56 |     226 |  80.1 |       5 |       1 |  16.7
            +---------+---------+-------+---------+---------+-------
